AoeStats
← Vikariepoolen

Arena

507933828Analyzed
2v2 RM · 11d ago on Sep 20, 2026· 68m 44s· 4 players
Game mode
Random Map
Map size
Medium (4 player)
Population
200
Speed
Normal
Resources
Standard
Victory
Conquest
Starting age
Dark Age
Ending age
Imperial Age
RankedLock teamsTeams togetherTeam positionsShared explorationLock speedFull tech treeHidden civsTurbo modeCheats
Victory
Defeat
🇸🇪 Spanish · Sweden
1511
+11
🇸🇪 Japanese · Sweden
1511
+11
🇦🇺 Gurjaras · Australia
1428
-12
🇵🇱 Khmer · Poland
1364
-10
AutoEveryThing
10:31 Feudal Age
14:08 Castle Age
12:53 Double-Bit Axe
13:16 Horse Collar
18:54 Light Cavalry
24:31 Sanctity
24:51 Gold Mining
26:11 Redemption
26:18 Bloodlines
26:14 Scale Barding Armor
26:19 Husbandry
27:52 Loom
33:47 Imperial Age
31:59 Forging
32:42 Chain Barding Armor
35:10 Iron Casting
36:19 Wheelbarrow
39:39 Fletching
41:49 Plate Barding Armor
45:40 Hand Cart
45:12 Town Watch
45:57 Thumb Ring
45:48 Bodkin Arrow
46:42 Bracer
46:54 Kshatriyas
48:11 Chemistry
47:33 Ballistics
48:17 Padded Archer Armor
49:36 Frontier Guards
49:49 Leather Archer Armor
52:18 Hussar
59:22 Murder Holes
61:58 Bow Saw
63:33 Conscription
Archer on duty
9:37 Feudal Age
13:22 Castle Age
11:50 Double-Bit Axe
14:31 Wheelbarrow
25:24 Loom
40:42 Light Cavalry
41:23 Husbandry
42:04 Bloodlines
44:16 Scale Barding Armor
52:01 Town Watch
55:36 Forging
59:13 Iron Casting
59:38 Chain Barding Armor
Vikariepoolen
5:19 Loom
10:36 Feudal Age
15:47 Castle Age
14:14 Horse Collar
23:05 Fletching
28:48 Double-Bit Axe
44:37 Bow Saw
43:51 Pikeman
44:37 Scale Mail Armor
44:38 Gold Mining
45:36 Wheelbarrow
44:48 Town Watch
51:09 Chain Mail Armor
51:25 Stone Mining
52:49 Fervor
53:30 Heavy Plow
58:16 Imperial Age
57:05 Squires
60:55 Two-Man Saw
61:51 Hand Cart
63:11 Scale Barding Armor
64:38 Chain Barding Armor
64:14 Bodkin Arrow
65:33 Chemistry
65:54 Elite Conquistador
BossEvenG
10:04 Feudal Age
13:57 Castle Age
11:46 Loom
12:23 Double-Bit Axe
13:27 Horse Collar
20:51 Scale Mail Armor
32:20 Wheelbarrow
32:06 Bow Saw
31:57 Heavy Plow
33:51 Hand Cart
35:11 Gold Mining
42:03 Imperial Age
41:38 Chain Mail Armor
41:33 Forging
42:12 Elite Samurai
44:15 Plate Mail Armor
44:21 Iron Casting
43:25 Pikeman
44:48 Halberdier
46:01 Squires
45:48 Arson
49:32 Fletching
49:43 Padded Archer Armor
51:22 Iron Casting
50:44 Bodkin Arrow
50:15 Capped Ram
50:31 Elite Skirmisher
52:20 Leather Archer Armor
53:18 Bracer
55:07 Ring Archer Armor
57:47 Chemistry
57:08 Ballistics
57:42 Conscription
58:01 Hoardings
60:06 Blast Furnace
61:06 Siege Engineers
61:12 Masonry
60:42 Treadmill Crane
61:51 Guard Tower
61:47 Arrowslits
64:12 Yasama
65:15 Kataparuto
68:14 Keep
68:13 Parthian Tactics
67:42 Heavy Cavalry Archer
Connection lost

Rejoining the realm…

Still unreachable

The connection could not be restored.

Session expired

The server has moved on; the page needs a fresh start.